cohdb
Replays
Latest Replays
All Replays
Popular Replays
Top Player Replays
Match Explorer
How It Works
Community
CoH3 Stats
Reddit
Sign in to upload your games and track your stats! →
Sign in with Steam
Match 42427646
Unlisted
Match 42427646
Overview
Messages
Build Orders
End
250 Light Carrier
250 Light Carrier
Panzergrenadier Squad
Construct Light Support Kompanie
Assault Grenadier Squad
Assault Grenadier Squad
Fire Support Elements
Flakvierling Half-track
Assault Grenadier Squad
Assault Grenadier Squad
Selects Armored Support Battlegroup
Selects Veteran Gunners
Selects Veteran Gunners
Selects Flammpanzer III Medium Tank
Flammpanzer III Medium Tank
Adri
سَۨفُـيٰانۨوٰس
0
0
Comments
sign in to comment!
No comments posted yet!